[Event "Early Titled Tuesday Blitz | February 8 2022"]
[White "Alghamdi, Ahmed M"]
[Black "Dahanayake, Isara Banidu"]
[WhiteFideId "21500150"]
[BlackFideId "9932631"]
[WhiteElo "2110"]
[BlackElo "1394"]
[Result "0-1"]
[Round "05"]
[TimeControl "180+1"]
[Date "2022.02.08"]
[WhiteClock "0:01:35"]
[BlackClock "0:01:19"]

1. e4 c5 2. Nf3 d6 3. d4 cxd4 4. Qxd4 Nc6 5. Bb5 Bd7 6. Bxc6 Bxc6 7. Nc3 Nf6 8. Bg5 e6 9. O-O-O Be7 10. Qd3 O-O 11. h4 Qa5 12. Nd4 Rac8 13. Nb3 Qc7 14. f4 b5 15. Nd4 b4 16. Nxc6 bxc3 17. Nxe7+ Qxe7 18. e5 dxe5 19. fxe5 Qb4 20. bxc3 Qa3+ 21. Kb1 Rb8+ 0-1


[Site "https://www.chess.com"]

[Event "Early Titled Tuesday Blitz | February 8 2022"]
[White "Alinasab, Mobina"]
[Black "Pavlidou, Ekaterini"]
[WhiteFideId "12528897"]
[BlackFideId "4213262"]
[WhiteElo "2061"]
[BlackElo "2127"]
[Result "1-0"]
[Round "05"]
[TimeControl "180+1"]
[Date "2022.02.08"]
[WhiteClock "0:00:05"]
[BlackClock "0:00:05"]

1. e4 c5 2. Nf3 Nc6 3. d4 cxd4 4. Nxd4 e5 5. Nb5 d6 6. c4 Be6 7. N1c3 a6 8. Na3 g6 9. g3 Bg7 10. Bg2 h5 11. O-O h4 12. Nd5 Rc8 13. Be3 Nh6 14. c5 Ng4 15. cxd6 Nxe3 16. fxe3 hxg3 17. hxg3 Qxd6 18. Nf6+ Ke7 19. Qf3 Nd4 20. exd4 Qxd4+ 21. Rf2 b5 22. Rd1 Qa7 23. Nd5+ Bxd5 24. exd5 f5 25. d6+ Kd8 26. Qd5 e4 27. Kf1 Rc5 28. Qe6 Re5 29. Qxg6 e3 30. Re2 f4 31. gxf4 Rf8 32. Ke1 Rxf4 33. Rc1 Qd4 34. Qxg7 Qxd6 35. Qg8+ Ke7 36. Qh7+ Kd8 37. Qh8+ Ke7 38. Qh7+ Rf7 39. Qh4+ Rf6 40. Qh7+ Rf7 41. Qh4+ Rf6 42. Rd1 Qb6 43. Qh7+ Rf7 44. Rd7+ Kxd7 45. Qxf7+ Re7 46. Bh3+ Kd6 47. Qf6+ Kd5 48. Qxb6 Re6 49. Bg2+ Ke5 50. Rxe3+ 1-0


[Site "https://www.chess.com"]

[Event "Early Titled Tuesday Blitz | February 8 2022"]
[White "Aloma Vidal, Robert"]
[Black "Dylag, Emilia"]
[WhiteFideId "2260409"]
[BlackFideId "21805172"]
[WhiteElo "2435"]
[BlackElo "1932"]
[Result "1-0"]
[Round "05"]
[TimeControl "180+1"]
[Date "2022.02.08"]
[WhiteClock "0:01:07"]
[BlackClock "0:00:04"]

1. e4 e5 2. Nf3 Nc6 3. Bc4 Bc5 4. b4 Bxb4 5. c3 Ba5 6. d4 d6 7. Qb3 Qd7 8. O-O Bb6 9. Nbd2 Na5 10. Qc2 exd4 11. cxd4 Nxc4 12. Nxc4 Ne7 13. a4 a6 14. Nxb6 cxb6 15. d5 O-O 16. Bb2 Ng6 17. h3 Re8 18. Rfe1 b5 19. a5 b6 20. axb6 Bb7 21. Qc3 f6 22. Nd4 Rac8 23. Qg3 Ne5 24. Nf5 Rc2 25. Bxe5 Rxe5 26. Rac1 Rc4 27. f3 g6 28. Ne3 Rc5 29. Qh4 Qd8 30. Kh2 Rh5 31. Qf4 Rxc1 32. Rxc1 Qxb6 33. Ng4 Re5 34. Qxf6 b4 35. Nh6# 1-0


[Site "https://www.chess.com"]

[Event "Early Titled Tuesday Blitz | February 8 2022"]
[White "Arabidze, Meri"]
[Black "Bambino Filho, Antonio Carlos"]
[WhiteFideId "13604040"]
[BlackFideId "2113163"]
[WhiteElo "2329"]
[BlackElo "2464"]
[Result "1-0"]
[Round "05"]
[TimeControl "180+1"]
[Date "2022.02.08"]
[WhiteClock "0:00:28"]
[BlackClock "0:00:08"]

1. Nf3 c5 2. c4 Nc6 3. Nc3 g6 4. e3 Bg7 5. d4 Nh6 6. d5 Na5 7. Be2 O-O 8. O-O d6 9. Bd2 e6 10. e4 exd5 11. cxd5 Ng4 12. Bf4 Qe7 13. Nd2 Ne5 14. Bg3 f5 15. f4 Nf7 16. Re1 fxe4 17. Ndxe4 a6 18. a4 Bf5 19. Bf3 Qd7 20. Bh4 Nh6 21. Ng5 Rae8 22. Ne6 Rf7 23. g4 Nc4 24. gxf5 Nxf5 25. Bf2 Nxb2 26. Qc2 Nc4 27. Nxg7 Rxg7 28. Rxe8+ Qxe8 29. Re1 Qf8 30. Ne4 b5 31. axb5 axb5 32. Qc3 Rf7 33. Ng5 Nd4 34. Nxf7 Qxf7 35. Bxd4 Qxf4 36. Bf2 Ne5 37. Bg2 b4 38. Qg3 Qf5 39. Rf1 b3 40. Bxc5 Qc2 41. Bxd6 Nf7 42. Be5 Qc5+ 43. Kh1 b2 44. Bxb2 1-0


[Site "https://www.chess.com"]

[Event "Early Titled Tuesday Blitz | February 8 2022"]
[White "Araujo Filho, Luiz Antonio Coel"]
[Black "Bifulco, Michel"]
[WhiteFideId "2130661"]
[BlackFideId "828580"]
[WhiteElo "2218"]
[BlackElo "2165"]
[Result "1-0"]
[Round "05"]
[TimeControl "180+1"]
[Date "2022.02.08"]
[WhiteClock "0:00:02"]
[BlackClock "0:00:02"]

1. d4 Nf6 2. Nf3 g6 3. c4 Bg7 4. Nc3 O-O 5. e4 d6 6. Be2 e5 7. dxe5 dxe5 8. O-O Qxd1 9. Rxd1 Nbd7 10. h3 c6 11. Be3 Re8 12. Rac1 Nf8 13. b4 Be6 14. a4 Rad8 15. b5 a6 16. Bb6 Rxd1+ 17. Rxd1 N8d7 18. Bc7 axb5 19. axb5 Rc8 20. bxc6 Rxc7 21. cxd7 Nxd7 22. Nd5 Rc5 23. Ng5 Bxd5 24. cxd5 h6 25. Nf3 Rc2 26. Bb5 Nb6 27. d6 Rc8 28. d7 Rd8 29. Rd6 Na8 30. Kf1 Kf8 31. Nd2 Nc7 32. Bc4 Ke7 33. Rb6 Rxd7 34. Rxb7 f5 35. Ke2 Bf6 36. Nb3 Kd8 37. Rb8+ Ke7 38. Rg8 Ne8 39. Rxg6 Rc7 40. Bb5 Nd6 41. Bd3 fxe4 42. Bb1 Rb7 43. Nd2 Bg5 44. Bc2 Rb2 45. Kd1 Ra2 46. Nxe4 Ra1+ 47. Ke2 1-0


[Site "https://www.chess.com"]

[Event "Early Titled Tuesday Blitz | February 8 2022"]
[White "Ardila, Oscar Humberto"]
[Black "Rostovtsev, Dmitry"]
[WhiteFideId "4404742"]
[BlackFideId "34278320"]
[WhiteElo "1898"]
[BlackElo "2218"]
[Result "0-1"]
[Round "05"]
[TimeControl "180+1"]
[Date "2022.02.08"]
[WhiteClock "0:00:38"]
[BlackClock "0:02:52"]

1. d4 Nf6 2. c4 e6 3. Nc3 Bb4 4. Bd2 O-O 5. Nf3 d5 6. cxd5 exd5 7. e3 c6 8. Bd3 Re8 9. h3 Nbd7 10. O-O Nf8 11. Qc2 Bd6 12. a3 a5 13. Rab1 Ng6 14. b4 axb4 15. axb4 b5 16. Ne2 Bd7 17. Rfc1 Ne4 18. Be1 f5 19. Nd2 Qf6 20. f3 Nxd2 21. Qxd2 Qg5 22. Bf2 f4 23. e4 Bxh3 24. Nc3 Qxg2# 0-1


[Site "https://www.chess.com"]

[Event "Early Titled Tuesday Blitz | February 8 2022"]
[White "Atzl, Florian"]
[Black "Murthy, Pappu"]
[WhiteFideId "1635891"]
[BlackFideId "2013401"]
[WhiteElo "2085"]
[BlackElo "1970"]
[Result "1-0"]
[Round "05"]
[TimeControl "180+1"]
[Date "2022.02.08"]
[WhiteClock "0:00:39"]
[BlackClock "0:00:04"]

1. e4 c5 2. Nf3 d6 3. d4 cxd4 4. Nxd4 Nf6 5. Nc3 g6 6. f4 Nbd7 7. Be2 Bg7 8. O-O O-O 9. Kh1 a6 10. a4 e5 11. Nf3 Qc7 12. fxe5 Nxe5 13. Bg5 Nc4 14. Bxf6 Bxf6 15. Nd5 Qd8 16. Bxc4 Bxb2 17. Rb1 Bg7 18. Nb6 Rb8 19. e5 dxe5 20. Qxd8 Rxd8 21. Ng5 Bf5 22. Nxf7 Rd4 23. Nxe5+ Kh8 24. Nf7+ Kg8 25. Nh6+ Kh8 26. Nxf5 gxf5 27. Bd3 Rbd8 28. Rxf5 h6 29. Nc4 b5 30. axb5 axb5 31. Rfxb5 R4d7 32. g3 Kg8 33. Rb8 Rxb8 34. Rxb8+ Kf7 35. Rb5 Bd4 36. Ne5+ 1-0


[Site "https://www.chess.com"]

[Event "Early Titled Tuesday Blitz | February 8 2022"]
[White "Beerdsen, Thomas"]
[Black "Grischuk, Alexander"]
[WhiteFideId "1030108"]
[BlackFideId "4126025"]
[WhiteElo "2585"]
[BlackElo "2762"]
[Result "0-1"]
[Round "05"]
[TimeControl "180+1"]
[Date "2022.02.08"]
[WhiteClock "0:00:08"]
[BlackClock "0:00:04"]

1. e4 d5 2. exd5 Qxd5 3. Nc3 Qa5 4. b4 Qxb4 5. Rb1 Qd6 6. Nf3 Nf6 7. Bc4 Be6 8. Qe2 Bxc4 9. Qxc4 Qc6 10. Qb3 e6 11. Qxb7 Qxb7 12. Rxb7 Bd6 13. Nb5 Na6 14. Nxd6+ cxd6 15. Ba3 Ne4 16. Ke2 Nec5 17. Rb5 Kd7 18. Ra5 Kc7 19. Rb1 Rhb8 20. Rxb8 Rxb8 21. Bxc5 Nxc5 22. Rxa7+ Nb7 23. d4 Kb6 24. Ra3 Na5 25. Ng5 Rb7 26. Nxh7 f6 27. Nf8 e5 28. dxe5 dxe5 29. Rg3 Re7 30. Ng6 Rc7 31. Kd1 Nc4 32. Nf8 Rf7 33. Ne6 g5 34. Rb3+ Ka5 35. Nc5 Rc7 36. Nb7+ Ka6 37. Nd8 Rd7+ 38. Ke2 Rd2+ 39. Kf3 Rxd8 40. Kg4 Rd4+ 41. Kf5 Rf4+ 42. Ke6 Rxf2 43. Rc3 Nb6 44. g4 e4 45. Re3 Rf4 46. h3 Nc4 47. Re1 e3 48. Kd5 Kb5 49. Rb1+ Ka4 50. c3 Ka3 51. Ra1 Kb2 52. Rh1 Kxa2 53. h4 gxh4 54. Rxh4 e2 55. Rh2 Kb3 56. Rxe2 Kxc3 57. Ke6 Nd2 58. Re3+ Kd4 59. Ra3 Ne4 60. Ra4+ Ke3 61. Ra3+ Ke2 62. Ra4 Nc5+ 0-1


[Site "https://www.chess.com"]

[Event "Early Titled Tuesday Blitz | February 8 2022"]
[White "Begunov, Konstantin"]
[Black "Kuzmin, Roman"]
[WhiteFideId "4118510"]
[BlackFideId "44134932"]
[WhiteElo "2262"]
[BlackElo "1978"]
[Result "0-1"]
[Round "05"]
[TimeControl "180+1"]
[Date "2022.02.08"]
[WhiteClock "0:00:10"]
[BlackClock "0:01:02"]

1. d4 d5 2. c4 e6 3. Nc3 Nf6 4. cxd5 exd5 5. Bg5 Nbd7 6. e3 Be7 7. Nf3 c6 8. Bd3 O-O 9. Qc2 Re8 10. O-O Nf8 11. Rab1 a5 12. a3 g6 13. b4 axb4 14. axb4 b5 15. Ne5 Bb7 16. f4 Ne6 17. Bh4 Qb6 18. f5 Nxd4 19. exd4 Qxd4+ 20. Qf2 Qxe5 21. fxg6 Qxc3 22. gxh7+ Kg7 23. Qf5 Qd4+ 24. Bf2 Qg4 25. Qxg4+ Nxg4 26. Bd4+ Bf6 27. Rf4 Bxd4+ 28. Rxd4 Ne5 29. Bc2 Ra2 30. Bf5 Bc8 31. Rf1 Bxf5 32. Rxf5 Ng6 33. h4 Re4 34. h5 Rxd4 35. hxg6 fxg6 36. Rf7+ Kh8 37. Kh2 Rh4+ 38. Kg3 Rxh7 0-1


[Site "https://www.chess.com"]

[Event "Early Titled Tuesday Blitz | February 8 2022"]
[White "Berezin, Viktor"]
[Black "Mosutha, Thuso"]
[WhiteFideId "14107872"]
[BlackFideId "11302550"]
[WhiteElo "2310"]
[BlackElo "2028"]
[Result "0-1"]
[Round "05"]
[TimeControl "180+1"]
[Date "2022.02.08"]
[WhiteClock "0:00:21"]
[BlackClock "0:01:27"]

1. d4 d5 2. c4 e6 3. Nf3 Nf6 4. g3 Be7 5. Bg2 O-O 6. O-O c5 7. cxd5 Nxd5 8. Nc3 Nxc3 9. bxc3 Nc6 10. e4 b6 11. Be3 cxd4 12. cxd4 Bb7 13. d5 exd5 14. exd5 Nb4 15. Bd4 Bxd5 16. a3 Nc6 17. Bb2 Bc4 18. Re1 Qxd1 19. Raxd1 Bc5 20. Nh4 Rac8 21. Nf5 f6 22. Nd6 Bxd6 23. Rxd6 Ne5 24. Bxe5 fxe5 25. Rxe5 Ba6 26. Bd5+ Kh8 27. Re7 Rc1+ 28. Kg2 Bf1+ 29. Kg1 Bh3+ 0-1


[Site "https://www.chess.com"]

[Event "Early Titled Tuesday Blitz | February 8 2022"]
[White "Bettalli, Francesco"]
[Black "Decuigniere, Tom"]
[WhiteFideId "2816453"]
[BlackFideId "26093820"]
[WhiteElo "2216"]
[BlackElo "1997"]
[Result "0-1"]
[Round "05"]
[TimeControl "180+1"]
[Date "2022.02.08"]
[WhiteClock "0:01:14"]
[BlackClock "0:00:38"]

1. d4 Nf6 2. Nc3 e6 3. Bf4 d5 4. e3 Bd6 5. Nf3 O-O 6. Bd3 b6 7. O-O Bb7 8. Ne5 Nbd7 9. f3 Nh5 10. Qe1 Nxf4 11. exf4 c5 12. Qg3 f6 13. Qh3 f5 14. Rae1 cxd4 15. Nb5 Nxe5 16. fxe5 Bc5 17. f4 a6 18. Na3 Bxa3 19. bxa3 Qe7 20. Rb1 b5 21. a4 b4 22. a3 a5 23. Bb5 Ba6 24. Qd3 Bxb5 25. axb5 Qc5 26. axb4 axb4 27. Rb3 Ra2 28. h4 Rxc2 29. b6 Rc3 30. Rxc3 dxc3+ 31. Kh2 Qxb6 32. Rb1 Rc8 33. h5 c2 34. Rc1 b3 35. h6 Qb7 36. hxg7 b2 37. Rxc2 Rxc2 38. Qxc2 b1=Q 39. Qc5 Kxg7 40. Qd6 Qf7 41. Qd8 Qbb7 42. Kg3 Qg6+ 43. Kh2 Qh5+ 44. Kg3 Qg4+ 45. Kh2 Qxf4+ 46. g3 Qb2+ 47. Kh3 Qg4# 0-1


[Site "https://www.chess.com"]

[Event "Early Titled Tuesday Blitz | February 8 2022"]
[White "Bilan, Danila"]
[Black "Prieto Aranguren, Alain"]
[WhiteFideId "24161918"]
[BlackFideId "2268906"]
[WhiteElo "2164"]
[BlackElo "2235"]
[Result "0-1"]
[Round "05"]
[TimeControl "180+1"]
[Date "2022.02.08"]
[WhiteClock "0:00:01"]
[BlackClock "0:01:20"]

1. d4 Nf6 2. Nf3 c5 3. e3 cxd4 4. exd4 d5 5. h3 Bf5 6. Bd3 Bxd3 7. Qxd3 Nc6 8. O-O e6 9. c3 Bd6 10. Bg5 Qc7 11. Nbd2 h6 12. Bxf6 gxf6 13. c4 Ne7 14. Rfe1 Qd7 15. c5 Bc7 16. b4 Ng6 17. Qf1 Rg8 18. Kh1 Nf4 19. g3 Nh5 20. Qg2 O-O-O 21. Nf1 f5 22. Ne5 Qe7 23. Qf3 f6 24. Qxh5 fxe5 25. dxe5 Rg5 26. Qf3 Rdg8 27. Rac1 Qg7 28. b5 Bxe5 29. Qe3 f4 30. Qe2 fxg3 31. fxg3 Rxg3 32. Nxg3 Qxg3 33. Qxe5 Qg2# 0-1


[Site "https://www.chess.com"]

[Event "Early Titled Tuesday Blitz | February 8 2022"]
[White "Blokhin, Sofia"]
[Black "Turzo, Attila"]
[WhiteFideId "4508190"]
[BlackFideId "704954"]
[WhiteElo "1762"]
[BlackElo "2478"]
[Result "0-1"]
[Round "05"]
[TimeControl "180+1"]
[Date "2022.02.08"]
[WhiteClock "0:00:06"]
[BlackClock "0:00:14"]

1. e4 c5 2. Nf3 e6 3. d4 cxd4 4. Nxd4 Nc6 5. Nc3 Qc7 6. a3 a6 7. f3 b5 8. Be3 Bb7 9. Qd2 Nf6 10. Nb3 Be7 11. O-O-O O-O 12. g4 Rfd8 13. g5 Ne8 14. Qf2 Rdc8 15. f4 b4 16. axb4 Nxb4 17. Bd3 Nxd3+ 18. Rxd3 d5 19. exd5 Bxd5 20. Nxd5 exd5 21. Rxd5 Rab8 22. Kb1 Nd6 23. Rhd1 Bf8 24. f5 Qc6 25. Bf4 Ne4 26. Qe2 Rb4 27. f6 Re8 28. Qg2 Qc8 29. h4 a5 30. Rxa5 Qb7 31. Rg1 Rxb3 32. cxb3 Qxb3 33. Ra3 Bxa3 34. fxg7 Nc3+ 35. Kc1 Ne2+ 36. Kb1 Qxb2# 0-1


[Site "https://www.chess.com"]

[Event "Early Titled Tuesday Blitz | February 8 2022"]
[White "Bommini, Mounika Akshaya"]
[Black "Vifleemskaia, Svetlana"]
[WhiteFideId "25019872"]
[BlackFideId "4129490"]
[WhiteElo "1671"]
[BlackElo "1901"]
[Result "0-1"]
[Round "05"]
[TimeControl "180+1"]
[Date "2022.02.08"]
[WhiteClock "0:00:01"]
[BlackClock "0:00:12"]

1. d4 Nf6 2. Bf4 d5 3. e3 c5 4. c3 Nc6 5. Nd2 Qb6 6. Qb3 c4 7. Qc2 g6 8. e4 e6 9. e5 Nh5 10. Be3 Qa5 11. Be2 Ng7 12. f4 Nf5 13. Bf2 h5 14. Ngf3 b5 15. b4 Qb6 16. a4 Be7 17. O-O Bd7 18. axb5 Qxb5 19. Ra2 Kf8 20. Rfa1 Kg7 21. Qc1 a5 22. Nb3 a4 23. Nc5 Bxc5 24. dxc5 d4 25. cxd4 Qxb4 26. Qxc4 Qxc4 27. Bxc4 Nb4 28. Rb2 Rhb8 29. Be1 Nd5 30. Rxb8 Rxb8 31. Nd2 Nfe3 32. Bxd5 exd5 33. Kf2 Nc2 34. Ra2 Bf5 35. Rxa4 Rb2 36. Ke2 Nb4 37. Kd1 Bc2+ 38. Ke2 Bxa4 0-1


[Site "https://www.chess.com"]

[Event "Early Titled Tuesday Blitz | February 8 2022"]
[White "Borisova, Ekaterina"]
[Black "Pinheiro, Iung Alicio de O."]
[WhiteFideId "34124184"]
[BlackFideId "2104350"]
[WhiteElo "2034"]
[BlackElo "2605"]
[Result "1-0"]
[Round "05"]
[TimeControl "180+1"]
[Date "2022.02.08"]
[WhiteClock "0:00:09"]
[BlackClock "0:00:13"]

1. d4 Nf6 2. c4 g6 3. Nc3 d5 4. cxd5 Nxd5 5. e4 Nxc3 6. bxc3 Bg7 7. Be3 c5 8. Qd2 Qa5 9. Rc1 O-O 10. Nf3 Rd8 11. d5 e6 12. Bg5 f6 13. Bf4 Nc6 14. Bd3 f5 15. Bg5 Rd6 16. O-O Ne5 17. Nxe5 Bxe5 18. Qe3 Bxc3 19. Bc4 Bd4 20. Qg3 e5 21. Kh1 Qc7 22. f4 Qg7 23. fxe5 Bxe5 24. Bf4 Bxf4 25. Qxf4 Rd8 26. e5 Kh8 27. d6 Bd7 28. Bd5 Bc6 29. Bxc6 bxc6 30. h4 Qd7 31. Rfe1 Qe6 32. Rxc5 Rac8 33. Re2 Rxd6 34. exd6 Qxe2 35. Qd4+ Kg8 36. d7 Rd8 37. Rxc6 Qe1+ 38. Kh2 Qe7 39. Rc8 Kf7 40. Qd5+ Kg7 41. Rxd8 Qxd8 42. Kh3 Kf6 43. Qd6+ Kf7 44. h5 g5 45. h6 g4+ 46. Kg3 Qg5 47. d8=Q Qe3+ 48. Kh2 g3+ 49. Qxg3 Qxh6+ 50. Qdh4 Qg6 51. Qxg6+ hxg6 52. Qb4 Ke6 53. Qa5 Kf6 54. Qxa7 f4 55. Qa6+ Kf5 56. Kg1 g5 57. Qf1 g4 58. a4 Ke4 59. a5 g3 60. a6 Kf5 61. a7 f3 62. Qxf3+ Kg5 63. Qxg3+ 1-0


[Site "https://www.chess.com"]

[Event "Early Titled Tuesday Blitz | February 8 2022"]
[White "Bortnyk, Olexandr"]
[Black "Bacrot, Etienne"]
[WhiteFideId "14120828"]
[BlackFideId "605506"]
[WhiteElo "2723"]
[BlackElo "2673"]
[Result "1-0"]
[Round "05"]
[TimeControl "180+1"]
[Date "2022.02.08"]
[WhiteClock "0:00:04"]
[BlackClock "0:00:07"]

1. e4 d5 2. exd5 Qxd5 3. Nc3 Qa5 4. d4 Nf6 5. Bc4 Bg4 6. f3 Bh5 7. Ne2 Nc6 8. d5 O-O-O 9. Bd2 Ne5 10. Bb3 e6 11. O-O exd5 12. Nf4 Qb6+ 13. Kh1 d4 14. Na4 Qc6 15. Nxh5 Nxh5 16. f4 Nc4 17. Bxc4 Qxc4 18. Qxh5 Qxa4 19. Qxf7 Bd6 20. Qb3 Qxb3 21. axb3 a6 22. Rae1 Rhe8 23. g3 Kd7 24. Kg2 c5 25. Kf3 Kc6 26. h4 h5 27. g4 hxg4+ 28. Kxg4 Kd5 29. h5 b5 30. f5 c4 31. bxc4+ bxc4 32. Ra1 Re2 33. Bf4 Bxf4 34. Kxf4 Rxc2 35. Ra5+ Kc6 36. Rxa6+ Kb5 37. Ra7 d3 38. Rb7+ Kc5 39. Rc7+ Kb5 40. Rb7+ Kc6 41. Rxg7 d2 42. Rd1 Rxb2 43. Rg3 Kc5 44. f6 Kd4 45. f7 c3 46. Rg8 Rbb8 47. Rg2 Rb7 48. Rgxd2+ cxd2 49. Rxd2+ Kc4 50. Rxd8 Rxf7+ 51. Kg5 Rf8 52. Rxf8 1-0


[Site "https://www.chess.com"]

[Event "Early Titled Tuesday Blitz | February 8 2022"]
[White "Brunner, Nicolas"]
[Black "Vignesh, N R"]
[WhiteFideId "620246"]
[BlackFideId "25012215"]
[WhiteElo "2372"]
[BlackElo "2395"]
[Result "1-0"]
[Round "05"]
[TimeControl "180+1"]
[Date "2022.02.08"]
[WhiteClock "0:01:19"]
[BlackClock "0:01:23"]

1. d4 g6 2. e4 Bg7 3. Nc3 d6 4. f4 Nf6 5. Nf3 O-O 6. Bd3 Bg4 7. O-O Nc6 8. Be3 e5 9. fxe5 dxe5 10. d5 Nd4 11. Ne2 Nxf3+ 12. gxf3 Bh3 13. Re1 Nh5 14. Ng3 Qh4 15. Nxh5 Qxh5 16. f4 Bg4 17. Be2 exf4 18. Bxg4 Qg5 19. h4 Qxh4 20. Bf2 Qg5 21. Kf1 Bxb2 22. Rb1 Bc3 23. Rxb7 Bxe1 24. Bxe1 Rfb8 25. Rxc7 Qe5 26. d6 Qxe4 27. Bf3 1-0


[Site "https://www.chess.com"]

[Event "Early Titled Tuesday Blitz | February 8 2022"]
[White "Budrewicz, Krzysztof"]
[Black "Bruned, Yvain"]
[WhiteFideId "1127950"]
[BlackFideId "2250292"]
[WhiteElo "2248"]
[BlackElo "2073"]
[Result "1-0"]
[Round "05"]
[TimeControl "180+1"]
[Date "2022.02.08"]
[WhiteClock "0:02:07"]
[BlackClock "0:02:30"]

1. d4 b6 2. e4 Bb7 3. Bd3 e6 4. Nf3 d5 5. exd5 Qxd5 6. Nc3 Bb4 7. O-O Bxc3 8. bxc3 Nf6 9. c4 Qh5 10. Ne5 Nbd7 11. Nxd7 Nxd7 12. Qxh5 1-0


[Site "https://www.chess.com"]

[Event "Early Titled Tuesday Blitz | February 8 2022"]
[White "Bugayev, Vladimir"]
[Black "Politov, Pavel Y."]
[WhiteFideId "30901480"]
[BlackFideId "24110515"]
[WhiteElo "2362"]
[BlackElo "2090"]
[Result "1-0"]
[Round "05"]
[TimeControl "180+1"]
[Date "2022.02.08"]
[WhiteClock "0:01:18"]
[BlackClock "0:00:44"]

1. e4 c5 2. Nc3 d6 3. f4 Nc6 4. g3 g6 5. Bg2 Bg7 6. d3 Nf6 7. Nf3 O-O 8. O-O a6 9. h3 Rb8 10. g4 b5 11. Ne2 Bb7 12. Ng3 Qc7 13. c3 b4 14. c4 Nd7 15. g5 Nd4 16. Rb1 e5 17. Nxd4 exd4 18. f5 Be5 19. Bf4 Bxf4 20. Rxf4 d5 21. Qf1 dxc4 22. dxc4 Rbd8 23. f6 Ne5 24. Rh4 Nxc4 25. Nf5 Ne5 26. Ne7+ Kh8 27. Rxh7+ Kxh7 28. Qf2 1-0


[Site "https://www.chess.com"]

[Event "Early Titled Tuesday Blitz | February 8 2022"]
[White "Buscar, Michael"]
[Black "Camacho Collados, Jose"]
[WhiteFideId "2603616"]
[BlackFideId "2265427"]
[WhiteElo "2010"]
[BlackElo "2351"]
[Result "0-1"]
[Round "05"]
[TimeControl "180+1"]
[Date "2022.02.08"]
[WhiteClock "0:00:17"]
[BlackClock "0:00:55"]

1. c4 c5 2. Nf3 Nf6 3. g3 g6 4. Bg2 Bg7 5. O-O O-O 6. d4 cxd4 7. Nxd4 Qc7 8. b3 a6 9. Bb2 Nc6 10. Nxc6 dxc6 11. Nd2 Rd8 12. Qc2 Bf5 13. e4 Be6 14. h3 Qd7 15. Rfd1 Bxh3 16. Nf1 Qe6 17. e5 Bxg2 18. exf6 Be4 19. Qe2 Bxf6 20. Bxf6 exf6 21. f3 Bd3 22. Qf2 g5 23. Re1 Qh3 24. Ne3 f5 25. Rad1 f4 26. Ng4 Qxg3+ 27. Qxg3 fxg3 28. Re7 Bg6 29. Rxd8+ Rxd8 30. Rxb7 h5 31. Ne5 h4 32. Kg2 Rd2+ 33. Kh3 Bf5+ 34. Ng4 Rh2# 0-1


[Site "https://www.chess.com"]

[Event "Early Titled Tuesday Blitz | February 8 2022"]
[White "Carlsson, Ludvig"]
[Black "Yushko, Olga"]
[WhiteFideId "1727010"]
[BlackFideId "14114500"]
[WhiteElo "2178"]
[BlackElo "2028"]
[Result "1-0"]
[Round "05"]
[TimeControl "180+1"]
[Date "2022.02.08"]
[WhiteClock "0:02:25"]
[BlackClock "0:02:05"]

1. Nf3 e6 2. c4 f5 3. b3 Nf6 4. Bb2 d6 5. Nc3 Be7 6. Qc2 e5 7. d4 e4 8. Nd2 Nc6 9. e3 Nb4 10. Qb1 a5 11. a3 Nc6 12. Be2 O-O 13. h3 Qe8 14. Qc2 Qg6 15. g3 Nh5 16. Nd5 Bd8 17. O-O-O Ne7 18. g4 Nf6 19. Nf4 Qf7 20. g5 Nd7 21. h4 d5 22. cxd5 Nxd5 23. Nxd5 c6 24. Nc7 1-0


[Site "https://www.chess.com"]

[Event "Early Titled Tuesday Blitz | February 8 2022"]
[White "Cherniaiev, Tykhon"]
[Black "Chen, Justin"]
[WhiteFideId "14182360"]
[BlackFideId "2098199"]
[WhiteElo "2289"]
[BlackElo "2478"]
[Result "1-0"]
[Round "05"]
[TimeControl "180+1"]
[Date "2022.02.08"]
[WhiteClock "0:02:28"]
[BlackClock "0:01:41"]

1. Nf3 Nf6 2. c4 b6 3. g3 Bb7 4. Bg2 g6 5. b3 Bg7 6. Bb2 O-O 7. O-O c5 8. d4 cxd4 9. Nxd4 Bxg2 10. Kxg2 Qc7 11. Nc3 d6 12. Rc1 Nbd7 13. f3 Rac8 14. Qd2 Qb7 15. e4 Rfd8 16. Nd5 e6 17. Ne7+ Kh8 18. Nxc8 Qxc8 19. Nb5 Nc5 20. Nxd6 Qc7 21. Nxf7+ 1-0


[Site "https://www.chess.com"]

[Event "Early Titled Tuesday Blitz | February 8 2022"]
[White "Chigaev, Maksim"]
[Black "Pakleza, Zbigniew"]
[WhiteFideId "4108116"]
[BlackFideId "1119290"]
[WhiteElo "2502"]
[BlackElo "2467"]
[Result "0-1"]
[Round "05"]
[TimeControl "180+1"]
[Date "2022.02.08"]
[WhiteClock "0:00:06"]
[BlackClock "0:00:15"]

1. e4 d6 2. d4 Nf6 3. Nc3 c6 4. g3 b5 5. Bg2 e5 6. a3 Nbd7 7. Nge2 Bb7 8. h3 a5 9. g4 b4 10. Nb1 exd4 11. Nxd4 c5 12. Nf5 Qc7 13. O-O g6 14. Ng3 Bg7 15. g5 Ng8 16. Nd2 Nb6 17. axb4 axb4 18. Rxa8+ Bxa8 19. Nb3 Ne7 20. Bf4 Nc4 21. e5 dxe5 22. Bxa8 exf4 23. Ne4 O-O 24. Bd5 Nxb2 25. Qd2 Qe5 26. Bb7 c4 27. Nbc5 c3 28. Qd7 Nf5 29. Re1 Kh8 30. Bd5 Nd4 31. Rf1 f3 32. Bxf7 Qf5 33. Be6 Nxe6 34. Qxe6 Qxe6 35. Nxe6 Re8 36. Ra1 Rxe6 37. Ra8+ Bf8 38. Rxf8+ Kg7 39. Rf4 b3 40. Nc5 Re1+ 41. Kh2 bxc2 42. Rd4 c1=Q 43. Rd7+ Kf8 44. Rd8+ Ke7 45. Rd7+ Ke8 46. Rd8+ Kxd8 0-1


[Site "https://www.chess.com"]

[Event "Early Titled Tuesday Blitz | February 8 2022"]
[White "Costachi, Mihnea"]
[Black "Khachiyan, Melikset"]
[WhiteFideId "1217518"]
[BlackFideId "13300512"]
[WhiteElo "2464"]
[BlackElo "2484"]
[Result "1/2-1/2"]
[Round "05"]
[TimeControl "180+1"]
[Date "2022.02.08"]
[WhiteClock "0:00:37"]
[BlackClock "0:00:56"]

1. e4 e5 2. f4 exf4 3. Bc4 Ne7 4. Nf3 d5 5. exd5 Nxd5 6. O-O Be7 7. d4 O-O 8. Nc3 Be6 9. Nxd5 Bxd5 10. Bxd5 Qxd5 11. Bxf4 c5 12. dxc5 Bxc5+ 13. Kh1 Qxd1 14. Raxd1 Nc6 15. Rd7 b6 16. h4 Rfd8 17. Rfd1 Rxd7 18. Rxd7 f6 19. c3 a5 20. Nd4 Rd8 21. Rxd8+ Nxd8 22. Bc7 Nb7 23. Ne6 Bf2 24. g3 Kf7 25. Kg2 Kxe6 26. Kxf2 b5 27. Ke3 Kd5 28. g4 a4 29. h5 Nc5 30. Bd8 Ne6 31. Be7 Ke5 32. b3 axb3 33. axb3 g6 34. hxg6 hxg6 35. c4 bxc4 36. bxc4 f5 37. gxf5 gxf5 38. c5 Kd5 39. Bd6 Nxc5 40. Bxc5 Kxc5 41. Kf4 Kd5 42. Kxf5 1/2-1/2


[Site "https://www.chess.com"]

[Event "Early Titled Tuesday Blitz | February 8 2022"]
[White "Coto Mederos, Michel"]
[Black "Dushyant Sharma"]
[WhiteFideId "3508528"]
[BlackFideId "25065130"]
[WhiteElo "2427"]
[BlackElo "2012"]
[Result "1-0"]
[Round "05"]
[TimeControl "180+1"]
[Date "2022.02.08"]
[WhiteClock "0:00:07"]
[BlackClock "0:00:03"]

1. d4 d5 2. Nf3 e6 3. Bf4 Bd6 4. Bg3 f5 5. e3 Nf6 6. Nbd2 O-O 7. Bd3 c5 8. c3 Nc6 9. Qe2 Qe7 10. O-O e5 11. dxe5 Nxe5 12. Nxe5 Bxe5 13. Bxe5 Qxe5 14. Nf3 Qc7 15. Rad1 Be6 16. Rfe1 Rae8 17. Qc2 Ne4 18. c4 Kh8 19. cxd5 Bxd5 20. Bc4 Bc6 21. Bd5 b6 22. Rd3 Bb5 23. Bc4 Bc6 24. Red1 Nf6 25. Ng5 Ng4 26. g3 Ne5 27. Rd6 h6 28. Ne6 Rxe6 29. Bxe6 Nf3+ 30. Kf1 Nxh2+ 31. Ke1 Nf3+ 32. Ke2 Re8 33. Rxc6 Qxc6 34. Bd7 Ng1+ 35. Kf1 Qh1 36. Bxe8 f4 37. Bg6 Nh3+ 38. Ke2 f3+ 39. Kd2 1-0


[Site "https://www.chess.com"]